 Dungeon Crawl Stone Soup version 0.30.0-15-g856e2d3f33 (webtiles) character file.

Game seed: 16643297809335476436

424 Woods the Conjurer (level 7, -4/36 HPs)
             Began as a Kobold Conjurer on May 19, 2023.
             Slain by an ogre
             ... wielding a +0 giant spiked club
              (9 damage)
             ... on level 5 of the Dungeon.
             The game lasted 00:07:01 (4792 turns).

Woods the Conjurer (Kobold Conjurer)                Turns: 4792, Time: 00:07:02

Health: -4/36      AC:  3    Str:  4    XL:     7   Next: 17%
Magic:  8/14       EV: 15    Int: 22    God:
Gold:   295        SH:  0    Dex: 13    Spells: 12/15 levels left

rFire   . . .        i - +0 long sword (elec)
rCold   + . .        (no shield)
rNeg    . . .        a - +0 robe
rPois   .            (no helmet)
rElec   .            r - +0 cloak
rCorr   .            (no gloves)
SInv    .            (no boots)
Will    .....        (no amulet)
Stlth   ++++         f - ring of protection from cold
HPRegen 0.26/turn    (no ring)
MPRegen 0.14/turn

%: no passive effects
@: very slightly contaminated
A: small, no large weapons, nightstalker 3
a: no special abilities


You were on level 5 of the Dungeon.
You visited 1 branch of the dungeon, and saw 5 of its levels.

You collected 295 gold pieces.

Inventory:

Hand Weapons
 i - a +0 long sword of electrocution (weapon)
Armour
 a - a +0 robe (worn)
 r - a +0 cloak (worn)
Jewellery
 f - a ring of protection from cold (left hand)
 m - a ring of flight
 x - an amulet of magic regeneration
Scrolls
 d - a scroll of fog {unknown}
 g - a scroll of enchant armour {unknown}
 k - 2 scrolls of amnesia {unknown}
 o - a scroll of magic mapping {unknown}
 p - a scroll of teleportation {unknown}
 q - 2 scrolls of vulnerability {unknown}
 s - a scroll of brand weapon {unknown}
 t - a scroll of fear {unknown}
 u - a scroll of poison {unknown}
 y - a scroll of identify {unknown}
Potions
 b - 2 potions of magic
 c - a potion of mutation {unknown}
 e - a potion of haste {unknown}
 h - a potion of ambrosia {unknown}
 j - 2 potions of lignification {unknown}
 l - a potion of invisibility {unknown}
 n - 2 potions of curing {unknown}
 v - a potion of heal wounds {unknown}
 w - 2 potions of might {unknown}


   Skills:
 + Level 4.3 Dodging
 + Level 5.0 Stealth
 * Level 4.9 Spellcasting
 + Level 5.0 Conjurations


You had 12 spell levels left.
You knew the following spells:

 Your Spells              Type           Power      Damage    Failure   Level
a - Magic Dart            Conj           100%       1d8       1%          1
b - Searing Ray           Conj           54%        2d6       1%          2

Your spell library contained the following spells:

 Spells                   Type           Power      Damage    Failure   Level
 Dazzling Flash           Conj/Hex       32%        N/A       11%         3
 Gell's Gravitas          Tloc           5%         N/A       30%         3
 Teleport Other           Tloc           5%         N/A       30%         3
 Fulminant Prism          Conj/Hex       8%         3d6       34%         4
 Iskenderun's Mystic Bla  Conj/Tloc      16%        2d5       34%         4
 Dispersal                Tloc           2%         N/A       100%        6


Dungeon Overview and Level Annotations

Branches:
Dungeon (5/15)
 Temple: D:4-7

Altars:
Gozag
Kikubaaqudgha
Nemelex Xobeh
Uskayaw
Wu Jian
Xom

Shops:
D:1 (


Innate Abilities, Weirdness & Mutations

You are small and have problems with some larger weapons.
You are completely attuned to the shadows.


Message History

You climb downwards.
The ogre closely misses you.
There is a stone staircase leading up here.
Casting: Magic Dart (safe; 1% risk of failure)
Confirm with . or Enter, or press ? or * to list all spells.
Aiming: Searing Ray (safe; 1% risk of failure)
Press: ? - help, Shift-Dir - straight line, f - ogre
Aim: an ogre, wielding a +0 giant spiked club (90% to hit)
The searing ray hits the ogre.
The ogre is lightly wounded.
The searing ray hits the orc.
The orc is severely wounded. (Press . to maintain the ray.)
The ogre barely misses you.
The searing ray hits the ogre!
The ogre is heavily wounded.
The orc closely misses you.
The searing ray hits the ogre.
The ogre is severely wounded.
The orc completely misses you. The ogre closely misses you.
The searing ray hits the ogre!
The ogre is almost dead.
You finish channelling your searing ray.
The orc hits you with a +0 whip. The ogre barely misses you.
Casting: Searing Ray (safe; 1% risk of failure)
Confirm with . or Enter, or press ? or * to list all spells.
Aiming: Searing Ray (safe; 1% risk of failure)
Press: ? - help, Shift-Dir - straight line, f/p - ogre
Aim: an ogre, wielding a +0 giant spiked club (almost dead, 90% to hit)
You miscast Searing Ray.
You are very lightly contaminated with residual magic.
Nothing appears to happen.
The orc hits you with a +0 whip.
Unknown command.
The orc hits you but does no damage.
The ogre hits you with a +0 giant spiked club!!
Ouch! That really hurt!
* * * LOW HITPOINT WARNING * * *
The orc hits you with a +0 whip.
* * * LOW HITPOINT WARNING * * *
The ogre hits you with a +0 giant spiked club!
You die...

######
......
#...##
#..O@#
#..o##
+...#
#$..#
.........
..........
).....)...
.........


You could see an ogre and an orc.

Vanquished Creatures
  A black bear (D:4)
  A scorpion (D:4)
  3 hounds
  2 orc priests
  An iguana (D:4)
  An orc wizard (D:4)
  A worm (D:3)
  A dart slug (D:3)
  9 orcs
  3 ball pythons
  2 bats (D:1)
  4 endoplasms
  A giant cockroach (D:4)
  2 goblins
  8 hobgoblins
  2 jackals (D:1)
  7 kobolds
  2 quokkas
  3 frilled lizards
  4 rats
58 creatures vanquished.

Notes
Turn   | Place    | Note
-------+----------+-------------------------------------------
     0 | D:1      | Woods the Kobold Conjurer began the quest for the Orb.
     0 | D:1      | Reached XP level 1. HP: 10/10 MP: 3/3
   382 | D:1      | Reached XP level 2. HP: 15/15 MP: 0/5
   561 | D:1      | Learned a level 2 spell: Searing Ray
   589 | D:1      | Found Zaguah's Weapon Shop.
   708 | D:1      | You fall into a shaft and drop 1 floor!
  1265 | D:1      | Reached XP level 3. HP: 19/19 MP: 4/7
  2724 | D:3      | Noticed a +0 spear
  2725 | D:3      | Noticed a +0 falchion
  2725 | D:3      | Noticed a +0 dagger
  2725 | D:3      | Noticed a +0 spear
  2725 | D:3      | Noticed a +0 falchion
  2726 | D:3      | Noticed a +0 dagger
  2726 | D:3      | Noticed a +0 short sword
  2726 | D:3      | Noticed a +0 short sword
  2999 | D:3      | Found an ancient bone altar of Kikubaaqudgha.
  3002 | D:3      | Found a shimmering altar of Xom.
  3003 | D:3      | Found an opulent altar of Gozag.
  3003 | D:3      | Found a sparkling altar of Nemelex Xobeh.
  3072 | D:3      | Found a hide-covered altar of Uskayaw.
  3330 | D:4      | Found an ornate altar of the Wu Jian Council.
  3336 | D:4      | Noticed a spectral centipede
  3336 | D:4      | Noticed a spectral black mamba
  3336 | D:4      | Noticed a spectral scorpion
  3336 | D:4      | Noticed a spectral cane toad
  3403 | D:4      | Reached XP level 4. HP: 24/24 MP: 4/8
  3496 | D:4      | Noticed a scorpion
  3509 | D:4      | Killed a scorpion
  3510 | D:4      | Reached XP level 5. HP: 28/28 MP: 0/10
  4017 | D:4      | Noticed an ogre
  4032 | D:3      | Reached XP level 6. HP: 21/32 MP: 3/12
  4657 | D:4      | Noticed a black bear
  4662 | D:4      | Killed a black bear
  4663 | D:4      | Reached skill level 5 in Conjurations
  4663 | D:4      | Reached XP level 7. HP: 27/36 MP: 5/14
  4724 | D:5      | Entered Level 5 of the Dungeon
  4731 | D:5      | Reached skill level 5 in Stealth
  4792 | D:5      | Slain by an ogre

Illustrated notes

Levels and vault maps discovered:
D:1:      co_arrival_square_in_a_square_in_a_square, layout_basic, serial_shops,
          nicolae_shop_advertising_works [nicolae_subvault_shop_adworks]
D:2:      layout_loops_ring, hangedman_decor_lopped, glass_columns_b
D:3:      layout_loops_ring, nicolae_uskayaw_en_pointe,
          mainiacjoe_overflow_alcove_3
D:4:      layout_rooms, pdpol_wu_jian_five_deadly_venoms, minmay_bisected
D:5:      layout_basic, minmay_temple_entry_hall, minmay_manual_monolith

Skill      XL: |  1  2  3  4  5  6  7 |
---------------+----------------------+-----
Stealth        | 3 4 5 |  5.0
Spellcasting   | 3 4 |  4.9
Dodging        | 3 4 |  4.3
Conjurations   | 5 |  5.0

Action                     |  1- 3 |  4- 6 |  7- 9 || total
---------------------------+-------+-------+-------++-------
  Melee: Unarmed           |     7 |       |       ||     7
         Long sword        |     8 |     7 |     1 ||    16
   Cast: Magic Dart        |    76 |    17 |     3 ||    96
         Searing Ray       |     1 |    12 |     2 ||    15
 Armour: Robe              |    10 |     5 |     1 ||    16
  Dodge: Dodged            |    34 |    20 |    10 ||    64
